 Dungeon Crawl Stone Soup version 0.21.1-1-g345015fe64 (webtiles) character file.

932 Nattfarinn the Charmwright (level 8, -4/63 HPs)
             Began as a Gnoll Skald on May 4, 2018.
             Was an Initiate of Ashenzari.
             Slain by a vampire mosquito (8 damage)
             ... on level 8 of the Dungeon.
             The game lasted 00:12:37 (5192 turns).

Nattfarinn the Charmwright (Gnoll Skald)            Turns: 5192, Time: 00:12:38

Health: -4/63      AC:  3    Str: 17    XL:     8   Next: 11%
Magic:  0/16       EV: 19    Int: 15    God:    Ashenzari [......]
Gold:   168        SH:  0    Dex: 14    Spells: 17/18 levels left

rFire    . . .     SeeInvis +   x - +0 hand axe (chop)
rCold    . . .     Gourm    .   (no shield)
rNeg     . . .     Faith    .   b - +0 leather armour
rPois    .         Spirit   +   (no helmet)
rElec    .         Reflect  .   u - scarf {Spirit} (curse)
rCorr    .         Harm     .   (no gloves)
MR       .....                  (no boots)
Stlth    ++........             (no amulet)
HPRegen  0.20/turn              l - +5 ring of evasion (curse)
MPRegen  0.15/turn              e - ring of see invisible

@: no status effects
A: distributed training, fangs 1, strong nose
a: Curse Item, Renounce Religion


You were on level 8 of the Dungeon.
You worshipped Ashenzari.
Ashenzari was noncommittal.
You were not hungry.

You visited 2 branches of the dungeon, and saw 9 of its levels.

You collected 168 gold pieces.

Inventory:

Hand Weapons
 a - a +0 hand axe
 x - a +0 hand axe of chopping (weapon)
Armour
 b - a +0 leather armour (worn)
 f - a +0 cloak
 u - a cursed scarf of spirit shield (worn)
Jewellery
 e - a ring of see invisible (right hand)
 l - a cursed +5 ring of evasion (left hand)
 r - a cursed -3 ring of evasion
Scrolls
 g - 7 scrolls of identify {unknown}
 i - a scroll of blinking {unknown}
 k - 3 scrolls of teleportation {unknown}
 m - 2 scrolls of enchant weapon {unknown}
 p - 2 scrolls of immolation {unknown}
 s - 2 scrolls of amnesia {unknown}
Potions
 h - a potion of cancellation {unknown}
 o - a potion of haste
 q - 2 potions of berserk rage {unknown}
 t - 2 potions of flight {unknown}
 w - a potion of agility {unknown}
 z - a potion of lignification {unknown}
Books
 c - a book of Battle

   Spells                             Type                      Level
   a - Infusion                       Charms                       1
   b - Shroud of Golubria             Charms/Translocation         2
   c - Song of Slaying                Charms                       2
   d - Spectral Weapon                Hexes/Charms                 3
   e - Regeneration                   Charms/Necromancy            3
Comestibles
 d - 6 rations


   Skills:
 + Level 5.4 Fighting
 + Level 2.9 Short Blades
 + Level 2.9 Long Blades
 + Level 5.4 Axes
 + Level 2.9 Maces & Flails
 + Level 2.9 Polearms
 + Level 2.9 Staves
 + Level 2.9 Slings
 + Level 2.9 Bows
 + Level 2.9 Crossbows
 + Level 2.9 Throwing
 + Level 3.9 Armour
 + Level 5.4 Dodging
 + Level 2.9 Stealth
 + Level 2.9 Shields
 + Level 2.9 Unarmed Combat
 + Level 5.8 Spellcasting
 + Level 2.3 Conjurations
 + Level 2.3 Hexes
 + Level 6.0 Charms
 + Level 2.3 Summonings
 + Level 2.3 Necromancy
 + Level 2.3 Translocations
 + Level 2.3 Transmutations
 + Level 2.3 Fire Magic
 + Level 2.3 Ice Magic
 + Level 2.3 Air Magic
 + Level 2.3 Earth Magic
 + Level 2.3 Poison Magic
 + Level 3.2 Invocations
 + Level 2.9 Evocations


You had 17 spell levels left.
You knew the following spells:

 Your Spells              Type           Power        Failure   Level  Hunger
a - Infusion              Chrm           ###.         1%          1    None


Dungeon Overview and Level Annotations

Branches:
Dungeon (8/15)             Temple (1/1) D:4
   Lair: D:8-11

Altars:
Ashenzari
Cheibriados
Dithmenos
Elyvilon
Fedhas
Gozag
Hepliaklqana
Kikubaaqudgha
Makhleb
Nemelex Xobeh
Qazlal
Ru
Sif Muna
Xom
Yredelemnul

Shops:
D:4 [   D:6 [

Annotations:
D:5 Mrkan's ghost, novice TrMo


Innate Abilities, Weirdness & Mutations

Your experience applies equally to all skills.
You have very sharp teeth.
Your uncanny sense of smell can sniff out nearby items.


Message History

* * * LOW HITPOINT WARNING * * *
The vampire mosquito draws strength from your injuries!
The vampire mosquito barely misses you.
You barely miss the vampire mosquito. The vampire mosquito misses you.
The vampire mosquito bites you!
* * * LOW HITPOINT WARNING * * *
The vampire mosquito draws strength from your injuries!
You hit the vampire mosquito but do no damage.
The vampire mosquito bites you.
* * * LOW HITPOINT WARNING * * *
The vampire mosquito draws strength from your injuries!
The vampire mosquito completely misses you.
You hit the vampire mosquito but do no damage.
The vampire mosquito completely misses you.
You miss the vampire mosquito. The vampire mosquito bites you.
* * * LOW HITPOINT WARNING * * *
The vampire mosquito draws strength from your injuries!
The vampire mosquito bites you but does no damage.
The vampire mosquito bites you!
You die...

#### ..#
#.# #@#
#.####y##
.#.....l.#
.........#
########.#
#.# # #.#
#. ####.#
#.
##.#####
#....#


You could see a vampire mosquito and a leopard gecko.

Vanquished Creatures
  A phantom (D:5)
  An ice beast (D:8)
  An ogre (D:6)
  2 centaurs
  Blork the orc (D:8)
  A water moccasin skeleton (D:5)
  A killer bee (D:8)
  A crimson imp (D:8)
  A quasit (D:5)
  An orc priest (D:4)
  2 worker ants (D:5)
  5 adders
  3 gnolls (D:2)
  A shadow imp (D:8)
  An adder skeleton (D:6)
  A worm (D:2)
  4 dart slugs
  6 leopard geckos
  4 orcs (D:4)
  8 bats
  4 giant cockroaches
  5 goblins
  14 hobgoblins
  12 jackals
  3 quokkas
  A ball python (D:2)
  6 frilled lizards
  7 kobolds
  6 rats
104 creatures vanquished.

Notes
Turn   | Place    | Note
-------+----------+-------------------------------------------
     0 | D:1      | Nattfarinn the Gnoll Skald began the quest for the Orb.
     0 | D:1      | Reached XP level 1. HP: 20/20 MP: 6/6
   123 | D:1      | Reached XP level 2. HP: 26/26 MP: 7/7
   340 | D:1      | Reached XP level 3. HP: 25/31 MP: 9/9
   344 | D:1      | Reached skill level 5 in Spellcasting
   958 | D:2      | Reached skill level 1 in Invocations
  1114 | D:2      | Found a blossoming altar of Fedhas.
  1114 | D:2      | Found a stormy altar of Qazlal.
  1115 | D:2      | Found an opulent altar of Gozag.
  1219 | D:2      | Reached skill level 1 in Short Blades
  1219 | D:2      | Reached skill level 1 in Long Blades
  1219 | D:2      | Reached skill level 1 in Maces & Flails
  1219 | D:2      | Reached skill level 1 in Polearms
  1219 | D:2      | Reached skill level 1 in Staves
  1219 | D:2      | Reached skill level 1 in Slings
  1219 | D:2      | Reached skill level 1 in Bows
  1219 | D:2      | Reached skill level 1 in Crossbows
  1219 | D:2      | Reached skill level 1 in Throwing
  1219 | D:2      | Reached skill level 1 in Stealth
  1219 | D:2      | Reached skill level 1 in Shields
  1219 | D:2      | Reached skill level 1 in Unarmed Combat
  1219 | D:2      | Reached skill level 1 in Evocations
  1219 | D:2      | Reached XP level 4. HP: 33/38 MP: 11/11
  1441 | D:2      | Reached skill level 1 in Conjurations
  1441 | D:2      | Reached skill level 1 in Hexes
  1441 | D:2      | Reached skill level 1 in Summonings
  1441 | D:2      | Reached skill level 1 in Necromancy
  1441 | D:2      | Reached skill level 1 in Translocations
  1441 | D:2      | Reached skill level 1 in Transmutations
  1441 | D:2      | Reached skill level 1 in Fire Magic
  1441 | D:2      | Reached skill level 1 in Ice Magic
  1441 | D:2      | Reached skill level 1 in Air Magic
  1441 | D:2      | Reached skill level 1 in Earth Magic
  1441 | D:2      | Reached skill level 1 in Poison Magic
  1445 | D:2      | HP: 1/38 [gnoll (8)]
  2180 | D:3      | Reached XP level 5. HP: 40/43 MP: 12/12
  2217 | D:3      | Found a shadowy altar of Dithmenos.
  2353 | D:3      | Found a faded altar of an unknown god.
  2779 | D:4      | Found a staircase to the Ecumenical Temple.
  3091 | D:4      | Found Kegiunet's Antique Armour Shoppe.
  3373 | D:5      | Entered Level 5 of the Dungeon
  3405 | D:5      | Found a snail-covered altar of Cheibriados.
  3435 | D:5      | Reached XP level 6. HP: 47/50 MP: 10/13
  3450 | D:5      | Noticed a phantom
  3504 | D:5      | Found a hazy altar of Hepliaklqana.
  3505 | D:5      | Killed a phantom
  3505 | D:5      | Reached skill level 5 in Fighting
  3505 | D:5      | Reached skill level 5 in Axes
  3505 | D:5      | Reached skill level 5 in Dodging
  3833 | D:5      | Noticed Mrkan's ghost (novice TrMo)
  3867 | Temple   | Entered the Ecumenical Temple
  3995 | Temple   | Became a worshipper of Ashenzari the Shackled
  4089 | D:6      | Reached XP level 7. HP: 49/56 MP: 15/15
  4111 | D:6      | Found Suats's Antique Armour Emporium.
  4117 | D:6      | Noticed Blork the orc
  4291 | D:8      | Killed Blork the orc
  4722 | D:8      | Noticed a two-headed ogre
  4788 | D:8      | Reached skill level 6 in Charms
  4788 | D:8      | Reached XP level 8. HP: 24/63 MP: 10/16
  4826 | D:8      | HP: 1/63 [two-headed ogre/giant club (10)]
  5192 | D:8      | Slain by a vampire mosquito

Skill      XL: |  1  2  3  4  5  6  7 |
---------------+----------------------+-----
Spellcasting   | 5 |  5.8
Invocations    | 1 2 3 |  3.2
Short Blades   | 1 2 |  2.9
Long Blades    | 1 2 |  2.9
Maces & Flails | 1 2 |  2.9
Polearms       | 1 2 |  2.9
Staves         | 1 2 |  2.9
Slings         | 1 2 |  2.9
Bows           | 1 2 |  2.9
Crossbows      | 1 2 |  2.9
Throwing       | 1 2 |  2.9
Stealth        | 1 2 |  2.9
Shields        | 1 2 |  2.9
Unarmed Combat | 1 2 |  2.9
Evocations     | 1 2 |  2.9
Conjurations   | 1 2 |  2.3
Hexes          | 1 2 |  2.3
Summonings     | 1 2 |  2.3
Necromancy     | 1 2 |  2.3
Translocations | 1 2 |  2.3
Transmutations | 1 2 |  2.3
Fire Magic     | 1 2 |  2.3
Ice Magic      | 1 2 |  2.3
Air Magic      | 1 2 |  2.3
Earth Magic    | 1 2 |  2.3
Poison Magic   | 1 2 |  2.3
Armour         | 3 |  3.9
Fighting       | 5 |  5.4
Axes           | 5 |  5.4
Dodging        | 5 |  5.4
Charms         | 6 |  6.0

Action                   |  1- 3 |  4- 6 |  7- 9 || total
-------------------------+-------+-------+-------++-------
Melee: Hand axe          |   128 |   219 |   119 ||   466
       Bite              |    11 |    37 |    15 ||    63
       Punch             |     1 |     1 |     1 ||     3
Invok: Curse Item        |       |     2 |       ||     2
  Use: Potion            |       |     3 |     4 ||     7
 Stab: Sleeping          |     2 |     1 |     2 ||     5
  Eat: Chunk             |     1 |     7 |     1 ||     9
       Ration            |       |     1 |     1 ||     2
Armor: Leather armour    |    38 |    21 |    15 ||    74
Dodge: Dodged            |   128 |   205 |   154 ||   487
